 Dungeon Sprint DCSS version 0.29-a0-925-g0a7a3d12f8 (webtiles) character file.

Game seed: 5576880158781891819

2396 Hipnos the Carver (level 9, -12/79 HPs)
             Began as a Gnoll Chaos Knight on July 29, 2022.
             Was a Plaything of Xom.
             Mangled by a polar bear (16 damage)
             ... in the Dungeon (Sprint II: "The Violet Keep of Menkaure").
             The game lasted 00:10:32 (1496 turns).

Hipnos the Carver (Gnoll Chaos Knight)              Turns: 1496, Time: 00:10:33

Health: -12/79     AC:  7    Str: 12    XL:     9   Next: 46%
Magic:  0/21       EV: 14    Int: 15    God:    Xom [....*.]
Gold:   137        SH:  0    Dex: 12    Spells: 4/24 levels left

rFire   . . .      SeeInvis .   a - +0 falchion (chaos)
rCold   . . .      Faith    .   (no shield)
rNeg    . . .      Spirit   .   b - +2 leather armour
rPois   .          Reflect  .   h - +1 hat of Yesterday {+Blink Will+}
rElec   .          Harm     .   (no cloak)
rCorr   .          Rampage  .   (no gloves)
Will    +....      NoTele   +   (no boots)
Stlth   ++........              (no amulet)
HPRegen 0.23/turn               (no ring)
MPRegen 0.17/turn               (no ring)

@: very slow
A: fangs 1, strong nose, distributed training
a: Renounce Religion, Evoke Blink


You were in the Dungeon.
You worshipped Xom.
You were a beloved toy of Xom.
You visited 1 branch You collected 972 gold pieces.
You spent 835 gold pieces at shops.

Inventory:

Hand Weapons
 a - a +0 falchion of chaos (weapon)
Armour
 b - a +2 leather armour (worn)
 h - the +1 hat of Yesterday (worn) {+Blink Will+}
   (You bought it in a shop in the Dungeon)

   +Blink:    It lets you blink.
   Will:      It increases your willpower.
Scrolls
 i - a scroll of blinking
Potions
 e - a potion of flight
 f - a potion of haste
 g - 2 potions of magic
Miscellaneous
 c - a piece from Xom's chessboard (15/15) (quivered)


   Skills:
 + Level 10.4 Fighting
 + Level 8.0 Short Blades
 + Level 10.4 Long Blades
 + Level 8.0 Axes
 + Level 8.0 Maces & Flails
 + Level 8.0 Polearms
 + Level 8.0 Staves
 + Level 8.0 Ranged Weapons
 + Level 8.0 Throwing
 + Level 9.3 Armour
 + Level 8.5 Dodging
 + Level 8.0 Stealth
 + Level 8.0 Shields
 + Level 8.0 Unarmed Combat
 + Level 8.0 Spellcasting
 + Level 6.6 Conjurations
 + Level 6.6 Hexes
 + Level 6.6 Summonings
 + Level 6.6 Necromancy
 + Level 6.6 Translocations
 + Level 6.6 Transmutations
 + Level 6.6 Fire Magic
 + Level 6.6 Ice Magic
 + Level 6.6 Air Magic
 + Level 6.6 Earth Magic
 + Level 6.6 Poison Magic
 + Level 8.8 Invocations
 + Level 8.0 Evocations


You had 4 spell levels left.
You knew the following spells:

 Your Spells              Type           Power      Damage    Failure   Level
a - Corpse Rot            Necr/Pois/Air  26%        N/A       10%         4
b - Petrify               Tmut/Erth      26%        N/A       10%         4
c - Borgnjor's Vile Clut  Necr/Erth      13%        N/A       26%         5
d - Sting                 Tmut/Pois      100%       1d8       1%          1
e - Poisonous Vapours     Pois/Air       52%        N/A       1%          2
f - Olgreb's Toxic Radia  Pois           26%        N/A       10%         4

Your spell library contained the following spells:

 Spells                   Type           Power      Damage    Failure   Level
 Passwall                 Tmut/Erth      21%        N/A       1%          2


Dungeon Overview and Level Annotations

Branches:
Dungeon (1/1)

Altars:
Cheibriados
Dithmenos
Elyvilon
Hepliaklqana
Kikubaaqudgha
Makhleb
Qazlal
Ru
Sif Muna
Trog
Uskayaw
Vehumet
Wu Jian
Xom
Yredelemnul
Zin
The Shining One
Jiyva
Lugonu

Shops:
D [:[:([=[[?![!=*

Annotations:
D exclusion: oklob plant


Innate Abilities, Weirdness & Mutations

You have very sharp teeth.
Your uncanny sense of smell can sniff out nearby items.
Your experience applies equally to all skills.


Message History

The hornet looks as sick as possible!
The polar bear looks as sick as possible!
Your toxic aura wanes.
Your miasmic aura fades.
You kill the hornet!
The polar bear goes berserk!
The polar bear is engulfed in a cloud of scalding steam.
The polar bear goes berserk!
Xom is amused.
The polar bear is engulfed in a cloud of scalding steam.
The polar bear bites you! The polar bear barely misses you.
The polar bear closely misses you.
Casting: Olgreb's Toxic Radiance (dangerous; 10% risk of failure)
Confirm with . or Enter, or press ? or * to list all spells.
You begin to radiate toxic energy.
The yaktaur looks even sicker.
The polar bear looks as sick as possible! x2
You kill the polar bear!
The polar bear closely misses you. The polar bear claws you.
The polar bear claws you but does no damage.
The yaktaur wields a +0 arbalest.
The yaktaur shoots a bolt.
The bolt hits you!
* * * LOW HITPOINT WARNING * * *
Your Short Blades skill increases to level 8!
Your Axes skill increases to level 8!
Your Maces & Flails skill increases to level 8!
Your Polearms skill increases to level 8!
Your Staves skill increases to level 8!
Your Ranged Weapons skill increases to level 8!
Your Throwing skill increases to level 8!
Your Stealth skill increases to level 8!
Your Shields skill increases to level 8!
Your Unarmed Combat skill increases to level 8!
Your Spellcasting skill increases to level 8!
Your Evocations skill increases to level 8!
You feel better.
Your toxic aura wanes.
The polar bear bites you!!
* * * LOW HITPOINT WARNING * * *
A shower of butterflies erupts from you!
The polar bear barely misses you. x2; The polar bear bites you!
You die...
Xom giggles madly!

#'.<.'.#.'..### .##.#▓$
†##.##.).#.§..###...##▓▓
###+###.##...§..≈≈≈≈≈≈≈≈
##...####≈≈...§.≈#+#####
#..#..#≈≈≈≈≈§≈§§≈#.._...
##.#.##≈≈§≈≈§≈≈.≈#._._..
≈##'##≈≈≈≈≈§≈≈b≈c#_._._.
≈≈≈≈≈≈≈≈≈≈≈§≈≈≈hb#._._._
+++#+++#≈≈§§≈≈bb@#_._._.
≈SS≈≈ ##≈≈≈###§b#._._._
≈≈≈S≈≈≈≈##≈§#∆#b≈#_._._.
≈≈≈S≈≈≈≈≈+§≈# #≈≈#..._._
≈≈≈≈≈≈≈≈##≈≈≈≈≈≈≈#######
≈≈§≈§≈≈## ######≈≈≈≈≈≈
###+#### ☼.###≈#####
°.☼.##≈#∆∆∆∆


8 You could see a polar bear (berserk, extremely poisoned, ally target) and a
yaktaur (very poisoned).

Vanquished Creatures
  2 boulder beetles (D)
  A merfolk siren (D)
  A polar bear (D)
  A hornet (D)
  A vampire mosquito (D)
  Menkaure (D)
  3 necrophages (D)
  3 worms (D)
13 creatures vanquished.

Vanquished Creatures (collateral kills)
  A necrophage (D)
1 creature vanquished.

Grand Total: 14 creatures vanquished

Notes
Turn   | Place    | Note
-------+----------+-------------------------------------------
     0 | D        | Hipnos the Gnoll Chaos Knight began the quest for the Orb.
     0 | D        | Reached XP level 1. HP: 23/23 MP: 1/1
     3 | D        | Noticed a boulder beetle
     3 | D        | Noticed a boulder beetle
    11 | D        | XOM: potion effect (might)
    18 | D        | Reached skill level 1 in Short Blades
    18 | D        | Reached skill level 1 in Axes
    18 | D        | Reached skill level 1 in Maces & Flails
    18 | D        | Reached skill level 1 in Polearms
    18 | D        | Reached skill level 1 in Staves
    18 | D        | Reached skill level 1 in Ranged Weapons
    18 | D        | Reached skill level 1 in Throwing
    18 | D        | Reached skill level 1 in Stealth
    18 | D        | Reached skill level 1 in Shields
    18 | D        | Reached skill level 1 in Unarmed Combat
    18 | D        | Reached skill level 1 in Spellcasting
    18 | D        | Reached skill level 1 in Invocations
    18 | D        | Reached skill level 1 in Evocations
    18 | D        | Reached XP level 2. HP: 21/29 MP: 1/3
    20 | D        | Reached skill level 1 in Conjurations
    20 | D        | Reached skill level 1 in Hexes
    20 | D        | Reached skill level 1 in Summonings
    20 | D        | Reached skill level 1 in Necromancy
    20 | D        | Reached skill level 1 in Translocations
    20 | D        | Reached skill level 1 in Transmutations
    20 | D        | Reached skill level 1 in Fire Magic
    20 | D        | Reached skill level 1 in Ice Magic
    20 | D        | Reached skill level 1 in Air Magic
    20 | D        | Reached skill level 1 in Earth Magic
    20 | D        | Reached skill level 1 in Poison Magic
   108 | D        | Noticed a merfolk siren
   108 | D        | XOM: divination: detect creatures
   114 | D        | XOM: butterfly on damage
   122 | D        | Killed a merfolk siren
   123 | D        | Reached skill level 5 in Dodging
   123 | D        | Reached skill level 5 in Invocations
   123 | D        | Reached XP level 3. HP: 14/37 MP: 3/9
   123 | D        | Reached XP level 4. HP: 16/44 MP: 3/10
   123 | D        | Reached XP level 5. HP: 18/49 MP: 3/12
   123 | D        | Reached XP level 6. HP: 21/56 MP: 3/13
   321 | D        | XOM: summons 2 friendly demons
   328 | D        | Reached skill level 5 in Short Blades
   328 | D        | Reached skill level 5 in Axes
   328 | D        | Reached skill level 5 in Maces & Flails
   328 | D        | Reached skill level 5 in Polearms
   328 | D        | Reached skill level 5 in Staves
   328 | D        | Reached skill level 5 in Ranged Weapons
   328 | D        | Reached skill level 5 in Throwing
   328 | D        | Reached skill level 5 in Stealth
   328 | D        | Reached skill level 5 in Shields
   328 | D        | Reached skill level 5 in Unarmed Combat
   328 | D        | Reached skill level 5 in Spellcasting
   328 | D        | Reached skill level 5 in Evocations
   334 | D        | Reached XP level 7. HP: 53/63 MP: 13/15
   499 | D        | XOM: god gift: battleaxe {god gift}
   511 | D        | Found Ewnoh's Assorted Antiques.
   512 | D        | Found Qeruokipt's Distillery.
   512 | D        | Found Qellin's Antique Armour Shoppe.
   513 | D        | Noticed a vampire mosquito
   531 | D        | XOM: cast spell 'Summon Ice Beast'
   531 | D        | HP: 3/63 [vampire mosquito (3)]
   532 | D        | XOM: divination: detect items
   542 | D        | Killed a vampire mosquito
   744 | D        | XOM: divination: detect creatures
   747 | D        | Found Mikleuck's Magic Scroll Emporium.
   747 | D        | Found Cofouc's Armour Shoppe.
   748 | D        | Found Ciown's Jewellery Emporium.
   748 | D        | Found Miadd's Antique Armour Shoppe.
   748 | D        | Found Ugaf's Jewellery Shoppe.
   748 | D        | Found Vaurotry's Antique Armour Emporium.
   749 | D        | Found Midghuis's Distillery.
   749 | D        | Found Bojify's Antique Weapon Shoppe.
   749 | D        | Noticed a cane toad
   752 | D        | Found Calol's Book Shoppe.
   752 | D        | Found Ziare's Antique Armour Emporium.
   752 | D        | Noticed Menkaure
   752 | D        | Noticed a cane toad
   752 | D        | Noticed an oklob plant
   752 | D        | Noticed a wyvern
   752 | D        | Noticed a wyvern
   753 | D        | Found Jyolopp's Antique Armour Shoppe.
   753 | D        | Found Fora's Book Shoppe.
   753 | D        | Noticed a wyvern
   759 | D        | Noticed a flying skull
   760 | D        | Bought the Vellum of the Shocking Boulder for 380 gold
                  | pieces
   765 | D        | Learned a level 4 spell: Corpse Rot
   766 | D        | Noticed a flying skull
   767 | D        | Noticed a flying skull
   768 | D        | Noticed a flying skull
   770 | D        | Learned a level 4 spell: Petrify
   776 | D        | Learned a level 5 spell: Borgnjor's Vile Clutch
   809 | D        | Noticed a flying skull
   833 | D        | Noticed a flying skull
   835 | D        | Noticed a flying skull
   840 | D        | Noticed a flying skull
   841 | D        | Noticed a flying skull
   847 | D        | Noticed a flying skull
   876 | D        | Bought a Young Poisoner's Handbook for 200 gold pieces
   878 | D        | Learned a level 1 spell: Sting
   881 | D        | Learned a level 2 spell: Poisonous Vapours
   894 | D        | Killed Menkaure
   895 | D        | Reached skill level 5 in Conjurations
   895 | D        | Reached skill level 5 in Hexes
   895 | D        | Reached skill level 5 in Summonings
   895 | D        | Reached skill level 5 in Necromancy
   895 | D        | Reached skill level 5 in Translocations
   895 | D        | Reached skill level 5 in Transmutations
   895 | D        | Reached skill level 5 in Fire Magic
   895 | D        | Reached skill level 5 in Ice Magic
   895 | D        | Reached skill level 5 in Air Magic
   895 | D        | Reached skill level 5 in Earth Magic
   895 | D        | Reached skill level 5 in Poison Magic
   999 | D        | Found a stormy altar of Qazlal.
   999 | D        | Found an ornate altar of the Wu Jian Council.
  1027 | D        | XOM: fog
  1245 | D        | Killed a boulder beetle
  1246 | D        | Reached XP level 8. HP: 72/72 MP: 5/18
  1323 | D        | XOM: confuse monster(s)
  1342 | D        | Killed a boulder beetle
  1343 | D        | Reached skill level 10 in Fighting
  1343 | D        | Reached skill level 10 in Long Blades
  1343 | D        | Reached XP level 9. HP: 56/78 MP: 15/20
  1370 | D        | Bought a potion of flight for 39 gold pieces
  1382 | D        | Bought a shimmering hat for 216 gold pieces
  1382 | D        | Identified the +1 hat of Yesterday {+Blink Will+} (You
                  | bought it in a shop in the Dungeon)
  1475 | D        | Found a hazy altar of Hepliaklqana.
  1475 | D        | Found a sacrificial altar of Ru.
  1476 | D        | Found a viscous altar of Jiyva.
  1476 | D        | Found a shimmering blue altar of Sif Muna.
  1477 | D        | Found a snail-covered altar of Cheibriados.
  1477 | D        | Found an ancient bone altar of Kikubaaqudgha.
  1477 | D        | Found a shimmering altar of Xom.
  1477 | D        | Found a bloodstained altar of Trog.
  1478 | D        | Found a shadowy altar of Dithmenos.
  1478 | D        | Found a corrupted altar of Lugonu.
  1484 | D        | Learned a level 4 spell: Olgreb's Toxic Radiance
  1484 | D        | Found a white marble altar of Elyvilon.
  1484 | D        | Found a burning altar of Makhleb.
  1484 | D        | Found a glowing golden altar of the Shining One.
  1484 | D        | Found a basalt altar of Yredelemnul.
  1484 | D        | Found a hide-covered altar of Uskayaw.
  1485 | D        | Found a glowing silver altar of Zin.
  1485 | D        | Found a radiant altar of Vehumet.
  1485 | D        | Noticed a polar bear
  1485 | D        | Noticed a polar bear
  1486 | D        | Noticed a yaktaur
  1488 | D        | Noticed a hornet
  1494 | D        | Killed a hornet
  1495 | D        | Killed a polar bear
  1496 | D        | XOM: butterfly on damage
  1496 | D        | Mangled by a polar bear

Illustrated notes

Levels and vault maps discovered:
D:        the_violet_keep_of_menkaure [sprint2_stairs_cluster_1,
          sprint2_shoproom, sprint2_temple, sprint2_basic_supplies,
          sprint2_obstacle_7, sprint2_obstacle_3, sprint2_obstacle_2,
          sprint2_obstacle_1, sprint2_obstacle_6, sprint2_timed_cluster_1,
          sprint2_smallroom_cluster_1, sprint2_smallroom_final_cluster_1,
          sprint2_transparent_cluster_1, sprint2_second_timed_cluster_1,
          sprint2_sniper_area_1, sprint2_heavy_combat_area_1,
          sprint2_mutation_trap_area_1, sprint2_forest_area_1,
          sprint2_light_combat_area_1, sprint2_behind_water_1,
          sprint2_near_end_vault_1]

Skill      XL: |  1  2  3  4  5  6  7  8  9 |
---------------+----------------------------+-----
Short Blades   | 1 4 5 7 8 |  8.0
Axes           | 1 4 5 7 8 |  8.0
Maces & Flails | 1 4 5 7 8 |  8.0
Polearms       | 1 4 5 7 8 |  8.0
Staves         | 1 4 5 7 8 |  8.0
Ranged Weapons | 1 4 5 7 8 |  8.0
Throwing       | 1 4 5 7 8 |  8.0
Stealth        | 1 4 5 7 8 |  8.0
Shields        | 1 4 5 7 8 |  8.0
Unarmed Combat | 1 4 5 7 8 |  8.0
Spellcasting   | 1 4 5 7 8 |  8.0
Invocations    | 1 5 7 8 |  8.8
Evocations     | 1 4 5 7 8 |  8.0
Conjurations   | 4 5 6 |  6.6
Hexes          | 4 5 6 |  6.6
Summonings     | 4 5 6 |  6.6
Necromancy     | 4 5 6 |  6.6
Translocations | 4 5 6 |  6.6
Transmutations | 4 5 6 |  6.6
Fire Magic     | 4 5 6 |  6.6
Ice Magic      | 4 5 6 |  6.6
Air Magic      | 4 5 6 |  6.6
Earth Magic    | 4 5 6 |  6.6
Poison Magic   | 4 5 6 |  6.6
Fighting       | 8 9 10 | 10.4
Long Blades    | 8 9 10 | 10.4
Armour         | 6 7 8 9 |  9.3
Dodging        | 5 6 7 8 |  8.5

Action                   |  1- 3 |  4- 6 |  7- 9 || total
-------------------------+-------+-------+-------++-------
Melee: Falchion          |    21 |    14 |    47 ||    82
       Bite              |     3 |     1 |     5 ||     9
 Cast: Poisonous Vapours |       |       |     7 ||     7
       Petrify           |       |       |     3 ||     3
       Corpse Rot        |       |       |     2 ||     2
       Sting             |       |       |     1 ||     1
       Olgreb's Toxic Ra |       |       |     4 ||     4
  Use: Potion            |       |       |     3 ||     3
 Stab: Paralysed         |     2 |       |       ||     2
       Distracted        |       |     1 |     3 ||     4
Armor: Leather armour    |       |       |    14 ||    14
Dodge: Dodged            |     1 |     5 |    52 ||    58

Table legend: (Time is in decaauts)
 A = Elapsed time spent in this place.
 B = Non-inter-level travel time spent in this place.
 C = Inter-level travel time spent in this place.
 D = Time resting spent in this place.
 E = Time spent auto-exploring this place.
 F = Levels seen in this place.
 G = Mean time per level.
                   A        B        C        D        E       F      G
               +--------+--------+--------+--------+--------+-----+--------+
         Total |   1544 |   1544 |      0 |   1128 |      0 |   1 | 1544.0 |
       Dungeon |   1544 |   1544 |      0 |   1128 |      0 |   1 | 1544.0 |
               +--------+--------+--------+--------+--------+-----+--------+

Top non-repeatable levels by time:
       D: 1544 daAuts
